Map: Deathaura LE

Players

Lambo - Winner!

  • Race: Zerg Zerg
  • Spawn Location: 5:00

BlyOnFire (Bly)

  • Race: Zerg Zerg
  • Spawn Location: 11:00

Event: DreamHack SC2 Masters 2020 Fall

VOD

Have the link to the VOD?

Description

Time

  • Played on: Aug. 27, 2020, 1:44 p.m.
  • Length: 2:46

All games in this series

Show
View Real Time Build Order
Export as new Build Order

Lambo Zerg - Winner!

Build Orders: Hatch First 

Get SALT Encoding   

  12  0:00  Drone  
  13  0:12  Overlord  
  13  0:17  Drone  
  14  0:32  Drone x2  
  16  0:47  Hatchery  
  15  0:50  Drone  
  15  0:54  Drone  
  17  0:58  Drone  
  18  1:09  Extractor  
  17  1:12  Spawning Pool  
  17  1:15  Drone  
  17  1:18  Drone  
  18  1:27  Drone  
  19  1:38  Drone  
  20  1:49  Drone  
  21  1:59  Zergling x2  
  21  2:00  Queen  
  24  2:02  Zergling x2  
  25  2:10  Zergling x2  
  25  2:13  Zergling x2  
  24  2:22  Zergling x2  
  21  2:24  Zergling x2  
  18  2:44  Unknown  
Show
View Real Time Build Order
Export as new Build Order

BlyOnFire Zerg 

Build Orders: Pool Only 

Get SALT Encoding   

  12  0:17  Spawning Pool  
  11  0:22  Drone  
  11  0:25  Drone  
  13  0:30  Drone  
  14  0:40  Overlord  
  14  1:04  Zergling x4  
  16  1:05  Zergling x2  
  17  1:16  Zergling x2  
  18  1:26  Zergling x2  
  19  1:42  Zergling x2  
  20  2:00  Spine Crawler  
  19  2:01  Spine Crawler  
  19  2:07  Spine Crawler  
  8  2:35  Spine Crawler  

Tags
 
Add a new tag
Caveats
  • Supply blocks, unpowered buildings, or Contaminate may cause inaccurate times.
  • Supply counts are checked every 10 seconds.